Map: [ESL] Hecate

Players

SpeCial - Winner!

  • Race: Terran Terran
  • Spawn Location: 7:00

trigger

  • Race: Protoss Protoss
  • Spawn Location: 1:00

Event: ESL SC2 Masters 2023 Winter (Regional)

VOD

Have the link to the VOD?

Description

Time

  • Played on: Oct. 28, 2023, 2:04 p.m.
  • Length: 18:15

All games in this series

Show
View Real Time Build Order
Export as new Build Order

SpeCial Terran - Winner!

Build Orders:  

Get SALT Encoding   

  12  0:00  SCV  
  13  0:12  SCV  
  14  0:17  Supply Depot  
  14  0:24  SCV  
  15  0:38  Barracks, SCV  
  16  0:45  Refinery  
  16  0:50  SCV  
  16  0:55  Refinery  
  17  1:02  SCV  
  18  1:15  SCV  
  19  1:26  Reaper  
  19  1:27  Orbital Command  
  20  1:41  Supply Depot  
  20  1:43  Factory  
  20  1:53  SCV  
  21  1:58  Reaper  
  22  2:05  SCV  
  23  2:17  SCV  
  23  2:22  Command Center  
  24  2:26  Hellion  
  26  2:30  SCV  
  26  2:36  Starport  
  27  2:42  SCV  
  28  2:45  Barracks Reactor  
  28  2:49  Widow Mine  
  30  2:54  Supply Depot  
  30  2:55  SCV  
  31  3:11  SCV  
  31  3:16  Widow Mine  
  33  3:22  Medivac  
  33  3:23  Marine, SCV  
  33  3:24  Marine  
  37  3:28  Armory  
  37  3:35  SCV  
  37  3:36  Orbital Command  
  37  3:40  Widow Mine  
  40  3:41  Marine x2  
  40  3:48  SCV  
  43  3:54  Medivac  
  45  3:57  Supply Depot  
  45  3:59  Marine x2  
  47  4:03  SCV x2  
  47  4:07  Widow Mine  
  51  4:15  SCV x2  
  53  4:17  Marine  
  54  4:27  Barracks, SCV  
  54  4:28  Marine  
  54  4:30  SCV  
  55  4:35  Marine  
  55  4:37  Bunker  
  56  4:39  Starport Tech Lab  
  56  4:40  SCV  
  56  4:42  Factory Tech Lab, SCV  
  56  4:46  Barracks  
  56  4:52  SCV, Supply Depot  
  57  4:53  Engineering Bay  
  57  4:54  SCV  
  57  4:59  Marine x2  
  58  5:04  SCV  
  62  5:11  SCV  
  62  5:13  Starport Reactor  
  60  5:16  SCV, Supply Depot  
  60  5:17  Marine x2  
  60  5:19  Terran Infantry Weapons Level 1  
  60  5:20  Refinery  
  61  5:23  Factory Reactor, SCV  
  61  5:26  Stimpack, Marauder  
  64  5:28  SCV  
  64  5:30  Supply Depot  
  64  5:35  Marine x2  
  67  5:37  SCV  
  67  5:39  Supply Depot  
  67  5:40  SCV, Supply Depot  
  67  5:41  Marauder  
  71  5:43  Combat Shield  
  71  5:48  Refinery  
  71  5:50  Medivac  
  71  5:52  SCV  
  71  5:53  Marine x2  
  71  5:54  Supply Depot  
  76  5:58  Marauder  
  76  6:03  Marauder  
  80  6:04  Medivac  
  80  6:10  Marine x2  
  84  6:13  Widow Mine  
  84  6:16  Widow Mine  
  88  6:19  Marauder  
  88  6:24  Marauder  
  92  6:30  Marine x2  
  94  6:34  Widow Mine  
  94  6:35  Command Center  
  96  6:40  Marauder, Medivac x2  
  96  6:45  Marauder  
  104  6:48  SCV x2  
  104  6:49  Marine x2  
  104  6:52  Barracks  
  104  6:53  Barracks  
  108  7:00  SCV x2  
  110  7:09  Marine x2  
  110  7:12  Supply Depot  
  110  7:15  Terran Infantry Weapons Level 2, Medivac  
  109  7:17  Medivac  
  106  7:27  Marine x2  
  94  7:30  Marauder x2  
  94  7:33  SCV  
  94  7:34  SCV  
  100  7:40  Barracks Tech Lab  
  100  7:41  Widow Mine x2  
  100  7:43  Barracks Reactor  
  104  7:45  Marine x2  
  104  7:47  SCV x2  
  106  7:52  Marauder x2  
  108  8:00  Viking x2  
  108  8:03  Marine x2, Widow Mine x2  
  115  8:10  Marauder  
  115  8:12  Marine, Concussive Shells  
  116  8:20  Missile Turret, Marine x2  
  116  8:21  Marine x2  
  116  8:24  Widow Mine  
  116  8:25  Orbital Command  
  122  8:32  Viking x2  
  126  8:36  Widow Mine  
  126  8:38  Marine  
  126  8:39  Marine  
  126  8:41  Marauder  
  132  8:44  Marine  
  133  8:49  Orbital Command  
  133  8:53  Supply Depot x2  
  133  9:00  Marine  
  133  9:01  Marauder x2, SCV x2  
  140  9:10  Marine  
  140  9:14  Widow Mine x2, Marine x2  
  140  9:15  Marauder  
  147  9:20  Viking x2  
  147  9:22  SCV  
  150  9:36  Marine x3  
  150  9:38  Marine  
  151  9:41  Bunker, Marauder x2  
  151  9:43  Marauder  
  151  9:45  Ghost Academy  
  156  9:46  Supply Depot  
  156  9:47  Supply Depot  
  156  9:54  Refinery  
  156  9:55  Supply Depot  
  156  9:57  Supply Depot  
  156  9:59  Terran Infantry Armor Level 1  
  156  10:00  Viking  
  156  10:01  Viking  
  156  10:03  Marine  
  157  10:07  Marine x2  
  157  10:08  Marauder x2, SCV x2  
  157  10:09  SCV  
  166  10:20  Ghost, Marine  
  167  10:23  Widow Mine  
  165  10:28  Ghost x2  
  165  10:29  Supply Depot  
  165  10:31  Viking, Supply Depot  
  165  10:35  Viking  
  173  10:38  Marine  
  173  10:39  Marine x3  
  175  10:50  Marauder  
  175  10:56  Marine x3  
  167  10:58  Marine, Marauder x2  
  167  11:01  Viking  
  140  11:11  Marauder  
  140  11:14  Marine x2  
  140  11:15  Marine  
  140  11:16  SCV  
  143  11:19  Marauder x2  
  143  11:20  Marine  
  144  11:29  Widow Mine  
  144  11:32  Marauder, Marine x2  
  150  11:33  Marine  
  150  11:37  Widow Mine  
  153  11:41  Marauder x2  
  153  11:43  Marine  
  158  11:49  Viking  
  158  11:50  Marine x2  
  158  11:51  Marine  
  158  11:54  Marauder  
  165  12:01  Marine  
  165  12:02  Marauder  
  165  12:03  Widow Mine, Marauder  
  165  12:04  Widow Mine  
  165  12:07  Marine  
  165  12:08  Marine  
  176  12:15  Marauder  
  176  12:18  Medivac  
  165  12:25  Widow Mine  
  165  12:26  Marine  
  165  12:27  Marine, Marauder  
  165  12:28  Marauder  
  167  12:31  Marine  
  167  12:34  Marine  
  167  12:36  Marauder  
  102  12:44  Marine  
  102  12:45  Marine  
  102  12:46  Widow Mine x2  
  102  12:48  Marauder  
  102  12:49  Marauder  
  106  12:58  Marauder  
  108  12:59  Terran Infantry Weapons Level 3  
  108  13:00  Marine x2  
  108  13:07  Widow Mine  
  108  13:08  Widow Mine  
  108  13:09  Marauder, Medivac  
  108  13:10  Medivac  
  108  13:11  Marauder  
  120  13:16  Orbital Command  
  120  13:18  Marine  
  120  13:19  Marauder  
  118  13:22  SCV x2  
  120  13:27  Marine x2  
  120  13:31  Marauder  
  120  13:32  Marauder  
  126  13:35  Marine  
  126  13:36  Marine  
  126  13:41  Marauder  
  128  13:45  Marine x2  
  130  13:52  Marauder, Medivac x2  
  130  13:53  Marauder  
  130  13:55  Marine x2  
  138  13:59  Widow Mine x2  
  138  14:02  Marauder  
  144  14:04  Marine  
  144  14:08  Marine  
  131  14:13  Marine  
  131  14:14  Marauder  
  131  14:15  Marine, Marauder  
  131  14:23  Marauder  
  133  14:26  Widow Mine  
  133  14:27  Barracks, Medivac  
  133  14:28  Barracks  
  133  14:30  Medivac  
  135  14:35  Marine x2, Marauder  
  135  14:36  Marauder, Marine  
  142  14:41  Barracks  
  142  14:44  Ghost  
  144  14:48  SCV x3  
  144  14:51  Marine  
  148  14:53  Marine  
  148  14:56  Ghost  
  148  14:57  Marauder  
  153  15:08  Missile Turret  
  153  15:10  Missile Turret  
  153  15:11  Missile Turret  
  153  15:12  Marine  
  153  15:13  Marauder  
  152  15:16  Medivac x2, Widow Mine x2  
  152  15:19  Marauder  
  160  15:21  Marine  
  160  15:22  Marine  
  160  15:25  Marauder  
  164  15:34  Ghost  
  164  15:35  Marine x2  
  166  15:37  SCV x2  
  166  15:38  SCV  
  166  15:39  Ghost  
  166  15:40  Refinery  
  166  15:41  Marine  
  166  15:42  Refinery  
  168  15:43  Marine  
  168  15:46  Marauder  
  171  15:50  Marine  
  168  16:00  Marine  
  168  16:01  Widow Mine x2  
  168  16:04  Marauder  
  174  16:05  Marine  
  174  16:06  Marine  
  174  16:08  Marauder  
  174  16:09  Marauder  
  174  16:12  Marine x2  
  174  16:13  Marine  
  174  16:14  Marine  
  178  16:25  Marauder  
  180  16:29  Marauder, Marine  
  180  16:30  Marauder  
  182  16:34  Widow Mine x2  
  182  16:37  Marine  
  185  16:40  Medivac x2  
  185  16:47  Marauder  
  189  16:48  Command Center  
  189  16:50  Marauder, Marine  
  189  16:51  Marauder  
  189  16:54  Marine  
  195  17:08  Marauder  
  183  17:09  Marine  
  183  17:10  Widow Mine  
  183  17:12  Marauder, Marine  
  183  17:13  Marauder  
  181  17:17  Marine  
  181  17:18  Marine, Medivac x2  
  178  17:23  Marine  
  178  17:28  Marine  
  178  17:29  Marauder, Marine  
  165  17:33  Marauder  
  165  17:34  Marauder  
  165  17:35  Marine  
  151  17:40  Marine  
  151  17:41  Marine  
  147  17:46  Marine  
  147  17:51  Marauder  
Show
View Real Time Build Order
Export as new Build Order

trigger Protoss 

Build Orders: 1 Gate Expand, Blink Stalkers 

Get SALT Encoding   

  12  0:00  Probe  
  13  0:12  Probe  
  14  0:16  Pylon  
  14  0:24  Probe (Chrono Boost)  
  16  0:35  Gateway  
  16  0:36  Probe (Chrono Boost)  
  16  0:42  Probe (Chrono Boost)  
  16  0:45  Assimilator  
  17  0:51  Probe  
  18  1:03  Probe  
  19  1:15  Probe  
  20  1:24  Cybernetics Core  
  20  1:31  Nexus  
  20  1:38  Pylon  
  20  1:42  Probe  
  20  1:46  Assimilator  
  21  1:54  Probe  
  21  2:00  Adept (Chrono Boost)  
  24  2:02  Warp Gate  
  24  2:06  Probe  
  24  2:13  Shield Battery  
  24  2:18  Probe  
  24  2:20  Stalker (Chrono Boost)  
  27  2:30  Probe  
  28  2:38  Twilight Council  
  28  2:42  Probe  
  28  2:43  Probe  
  30  2:51  Stalker  
  30  2:55  Probe x2  
  34  3:01  Pylon  
  34  3:07  Probe (Chrono Boost)  
  34  3:12  Probe (Chrono Boost)  
  36  3:16  Probe (Chrono Boost)  
  36  3:17  Blink (Chrono Boost)  
  38  3:20  Probe (Chrono Boost)  
  38  3:21  Probe (Chrono Boost)  
  39  3:30  Robotics Facility  
  39  3:31  Probe  
  40  3:34  Probe  
  40  3:41  Gateway  
  41  3:45  Probe  
  40  3:50  Stalker  
  40  3:52  Probe  
  43  3:57  Probe  
  43  3:59  Assimilator  
  44  4:04  Probe  
  44  4:09  Probe  
  46  4:13  Nexus  
  46  4:19  Observer (Chrono Boost)  
  46  4:21  Stalker  
  46  4:22  Probe  
  46  4:24  Probe  
  50  4:34  Probe  
  50  4:36  Probe  
  52  4:45  Pylon  
  51  4:46  Probe  
  51  4:51  Probe  
  53  4:57  Pylon  
  53  5:04  Stalker x2  
  53  5:05  Probe  
  53  5:06  Observer, Probe  
  59  5:19  Observer (Chrono Boost)  
  59  5:20  Charge, Probe x2 (Chrono Boost)  
  62  5:24  Gateway  
  62  5:25  Probe (Chrono Boost)  
  63  5:30  Stalker  
  63  5:34  Probe (Chrono Boost)  
  63  5:35  Probe x2 (Chrono Boost)  
  68  5:36  Shield Battery  
  68  5:39  Probe (Chrono Boost)  
  68  5:42  Probe x2  
  71  5:43  Robotics Bay  
  71  5:50  Pylon  
  71  5:51  Probe  
  71  5:52  Gateway  
  71  5:54  Probe x2  
  74  6:00  Gateway, Assimilator  
  74  6:02  Observer, Pylon  
  74  6:04  Probe  
  74  6:06  Probe  
  74  6:07  Pylon  
  74  6:10  Sentry  
  78  6:13  Stalker  
  80  6:19  Stalker  
  82  6:26  Colossus (Chrono Boost)  
  82  6:27  Pylon  
  88  6:33  Gateway  
  88  6:35  Zealot  
  90  6:42  Zealot x2  
  90  6:46  Extended Thermal Lance  
  94  6:47  Gateway  
  94  6:48  Pylon  
  94  6:49  Zealot  
  96  6:57  Zealot x2  
  100  7:07  Stalker x2  
  103  7:09  Probe  
  103  7:10  Probe x2  
  103  7:14  Zealot  
  106  7:20  Observer, Zealot x2  
  108  7:29  Warp Prism (Chrono Boost)  
  102  7:33  Pylon, Forge  
  102  7:34  Stalker x3  
  102  7:36  Zealot  
  112  7:38  Pylon  
  112  7:40  Zealot x2, Pylon  
  116  7:49  Pylon  
  110  8:00  Zealot x5  
  110  8:01  Zealot x2  
  124  8:05  Pylon  
  124  8:06  Templar Archives  
  124  8:10  Colossus (Chrono Boost)  
  124  8:12  Observer  
  130  8:21  Observer  
  130  8:22  Photon Cannon  
  130  8:23  Photon Cannon  
  130  8:24  Protoss Ground Weapons Level 1 (Chrono Boost)  
  130  8:34  Observer  
  130  8:40  Nexus  
  130  8:42  Pylon  
  130  8:46  Forge  
  130  8:48  High Templar x2  
  134  8:49  Colossus (Chrono Boost)  
  134  8:52  Archon  
  140  8:57  Zealot x5  
  140  9:01  Shield Battery  
  150  9:03  Photon Cannon  
  150  9:05  Pylon  
  150  9:12  Probe x2  
  150  9:13  Probe  
  150  9:14  Robotics Facility  
  151  9:24  Probe  
  151  9:27  Stalker x2  
  151  9:28  Stalker  
  158  9:37  Probe x3  
  153  9:45  Observer (Chrono Boost)  
  154  9:49  Probe x3  
  154  9:52  Zealot x5  
  167  9:53  Protoss Ground Armor Level 1 (Chrono Boost)  
  167  9:59  Observer, Probe  
  172  10:01  Immortal (Chrono Boost)  
  172  10:03  Zealot x2  
  176  10:09  Immortal (Chrono Boost)  
  179  10:17  Stalker x2  
  179  10:18  Stalker x2  
  183  10:25  Zealot x3  
  187  10:32  Protoss Ground Weapons Level 2 (Chrono Boost)  
  187  10:42  Zealot, Gateway  
  187  10:43  Zealot x3, Gateway  
  195  10:57  Disruptor (Chrono Boost)  
  153  11:04  Zealot x7  
  139  11:14  Disruptor (Chrono Boost)  
  133  11:25  Zealot x7  
  127  11:29  Disruptor (Chrono Boost)  
  141  11:33  Shield Battery, Pylon  
  141  11:41  Disruptor (Chrono Boost)  
  141  11:45  Zealot x2  
  141  11:46  Zealot x7  
  161  11:58  Disruptor (Chrono Boost)  
  165  12:07  Zealot x7, Stalker x2  
  139  12:30  Zealot x9  
  139  12:31  Disruptor (Chrono Boost)  
  105  12:47  Probe x3  
  105  12:48  Robotics Facility, Assimilator  
  105  12:50  Zealot x3  
  105  12:51  Zealot x6  
  126  12:54  Probe  
  126  12:56  Assimilator  
  119  12:59  Observer (Chrono Boost)  
  115  13:11  Colossus (Chrono Boost)  
  115  13:16  Zealot, Stalker x5  
  125  13:20  Pylon  
  125  13:23  Dark Shrine  
  118  13:38  Zealot x2, Colossus (Chrono Boost)  
  118  13:39  Zealot x3  
  130  13:41  Pylon  
  130  13:47  Stalker x4  
  137  13:53  Observer (Chrono Boost)  
  138  13:59  Zealot x5  
  148  14:09  Observer  
  138  14:14  Zealot x4, Disruptor  
  144  14:32  Observer, Stalker x5  
  155  14:40  Dark Templar  
  155  14:43  Dark Templar  
  159  14:45  Nexus  
  159  14:49  Dark Templar  
  161  14:59  Observer  
  155  15:01  Zealot  
  155  15:02  Zealot x5  
  159  15:19  Disruptor (Chrono Boost)  
  155  15:24  Disruptor (Chrono Boost)  
  159  15:30  Nexus  
  159  15:33  Probe x2  
  159  15:37  Pylon  
  159  15:41  Zealot x3  
  159  15:42  Zealot x3  
  170  15:47  Disruptor  
  173  15:50  Zealot x3  
  170  16:05  Stalker x4  
  170  16:11  Probe  
  171  16:15  Stalker x3  
  175  16:21  Assimilator  
  171  16:30  Stalker x3  
  158  16:36  Zealot, Stalker  
  160  16:41  Observer x2  
  161  16:57  Zealot x5  
  161  17:00  Zealot x3  
  161  17:02  Observer  
  142  17:09  Dark Templar  
  111  17:24  Pylon  
  111  17:25  Dark Templar x3  
  110  17:32  Assimilator  
  104  17:45  Nexus  
  104  17:46  Zealot x3  
  104  17:47  Zealot  
  102  17:52  Zealot  
  100  18:01  Zealot x2  
  98  18:10  Pylon  
  98  18:11  Zealot x5  
Tags
 
Add a new tag
Caveats
  • Supply blocks, unpowered buildings, or Contaminate may cause inaccurate times.
  • Supply counts are checked every 10 seconds.